 Dungeon Crawl Stone Soup version 0.30.0-29-ga12c61a403 (webtiles) character file.

Game seed: 6761509316830884563

32 booth the Chopper (level 3, 0/28 HPs)
             Began as a Demonspawn Gladiator on June 5, 2023.
             Slain by a hobgoblin (5 damage)
             ... led by Robin
             ... on level 2 of the Dungeon.
             The game lasted 00:05:03 (891 turns).

booth the Chopper (Demonspawn Gladiator)             Turns: 891, Time: 00:05:04

Health: 0/28       AC:  4    Str: 16    XL:     3   Next: 10%
Magic:  3/3        EV: 12    Int:  9    God:
Gold:   40         SH:  0    Dex: 14    Spells: 2/2 levels left

rFire   . . .        a - +0 war axe
rCold   . . .        (no shield)
rNeg    . . .        b - +0 leather armour
rPois   +            c - +0 helmet
rElec   .            (no cloak)
rCorr   .            (no gloves)
SInv    .            (no boots)
Will    .....        (no amulet)
Stlth   +            h - ring of poison resistance
HPRegen 0.24/turn    (no ring)
MPRegen 0.08/turn

%: no passive effects
@: no status effects
A: hooves 1
a: no special abilities


You were on level 2 of the Dungeon.
You visited 1 branch of the dungeon, and saw 2 of its levels.

You collected 40 gold pieces.

Inventory:

Hand Weapons
 a - a +0 war axe (weapon)
Missiles
 d - 3 throwing nets
 e - a javelin (quivered)
Armour
 b - a +0 leather armour (worn)
 c - a +0 helmet (worn)
Jewellery
 h - a ring of poison resistance (left hand)
Potions
 g - a potion of curing


   Skills:
 + Level 2.4 Fighting
 + Level 3.0 Axes
 + Level 2.2 Throwing
 + Level 3.0 Dodging


You had 2 spell levels left.
You didn't know any spells.
Your spell library contained the following spells:

 Spells                   Type           Power      Damage    Failure   Level
 Sublimation of Blood     Necr           0%         N/A       58%         2
 Wereblood                Tmut           0%         N/A       58%         2
 Summon Hydra             Summ           0%         N/A       100%        7


Dungeon Overview and Level Annotations

Branches:
Dungeon (2/15)

Altars:

Annotations:
D:2 Robin


Innate Abilities, Weirdness & Mutations

You have large cloven feet.


Message History

Your kick misses the hobgoblin.
The hobgoblin is moderately wounded.
Robin throws the goblin at you! The hobgoblin hits you.
The goblin hits you with a +0 dagger. The hobgoblin misses you.
The goblin hits you but does no damage. The hobgoblin attacks as you move away!
The hobgoblin hits you.
A hobgoblin comes into view.
A goblin comes into view. It is wielding a +0 club.
The goblin hits you but does no damage.
The hobgoblin shouts!
You hear a shout!
A goblin comes into view. It is wielding a +0 club.
The goblin attacks as you move away! The goblin closely misses you.
A hobgoblin comes into view.
The hobgoblin barely misses you. Robin closely misses you.
A goblin comes into view. It is wielding a +0 club.
The goblin attacks as you move away! The goblin closely misses you.
A goblin comes into view. It is wielding a +2 dagger of venom.
The goblin attacks as you move away! The goblin closely misses you.
The hobgoblin attacks as you move away! The hobgoblin misses you.
The goblin shouts!
Robin hits you from afar with a +0 trident.
The hobgoblin hits you.
The goblin shouts!
You slash the goblin!
You kill the goblin!
You hit the hobgoblin.
You kill the hobgoblin!
Robin completely misses you.
Robin hits you from afar with a +0 trident.
The hobgoblin hits you.
* * * LOW HITPOINT WARNING * * *
You barely miss the hobgoblin. You kick the hobgoblin.
The hobgoblin is heavily wounded.
The hobgoblin no longer looks unusually strong.
Robin closely misses you.
Robin roars a battlecry!
The hobgoblin goes into a battle-frenzy!
The hobgoblin hits you.
You die...

.......)......#
........)......#
...............#
##.............#
#..............#
...g#gg.......#
..#..g.......##
. #.gg#g....#..
#.#@g)....#..
#...###......
##... ##....
#.... ....
##.#.. ...
#..... ..
##..... . ....


You could see Robin, 3 hobgoblins and 4 goblins.

Vanquished Creatures
  A bat (D:1)
  2 endoplasms (D:1)
  3 giant cockroaches (D:1)
  5 goblins
  4 hobgoblins
  4 jackals (D:1)
  A quokka (D:1)
  3 ball pythons
  2 frilled lizards
  2 kobolds (D:1)
  A rat (D:1)
28 creatures vanquished.

Notes
Turn   | Place    | Note
-------+----------+-------------------------------------------
     0 | D:1      | booth the Demonspawn Gladiator began the quest for the Orb.
     0 | D:1      | Reached XP level 1. HP: 16/16 MP: 1/1
   244 | D:1      | Gained mutation: You have large cloven feet. [demonic
                  | ancestry]
   244 | D:1      | Reached XP level 2. HP: 18/22 MP: 2/2
   875 | D:2      | Reached XP level 3. HP: 28/28 MP: 3/3
   878 | D:2      | Noticed Robin
   891 | D:2      | Slain by a hobgoblin

Illustrated notes

Levels and vault maps discovered:
D:1:      evilmike_arrival_plus, layout_basic
D:2:      layout_rooms, uniq_sigmund, uniq_crazy_yiuf_cottage, uniq_robin

Skill      XL: |  1  2 |
---------------+-------+-----
Throwing       | 2 |  2.2
Axes           | 3 |  3.0
Dodging        | 3 |  3.0
Fighting       | |  2.4

Action                     || total
---------------------------++-------
  Melee: War axe           ||    68
         Punch             ||     1
         Kick              ||    14
    Use: Scroll            ||     1
         Potion            ||     1
 Armour: Leather armour    ||    21
  Dodge: Dodged            ||    57
